Map: Pylon LE

Players

ARMnTAG - Winner!

  • Race: Terran Terran
  • League: Bronze
  • Spawn Location: 5:00

Starpin

  • Race: Terran Terran
  • Spawn Location: 11:00

VOD

Have the link to the VOD?

Description

Battlecruiser Rush

Time

  • Played on: Sept. 21, 2025, 6:41 p.m.
  • Length: 11:36
Show
View Real Time Build Order
Export as new Build Order

ARMnTAG Terran - Winner!

Build Orders:  

Get SALT Encoding   

  12  0:01  SCV  
  13  0:17  Supply Depot  
  13  0:19  SCV  
  14  0:31  SCV  
  15  0:39  Refinery  
  15  0:43  SCV  
  15  0:49  Barracks  
  16  0:59  SCV  
  17  1:12  SCV  
  18  1:23  Supply Depot  
  18  1:24  SCV  
  19  1:29  Refinery  
  19  1:36  SCV, Supply Depot  
  19  1:38  Marine  
  21  1:51  Engineering Bay  
  21  1:55  SCV  
  21  1:56  Marine  
  23  2:08  Factory  
  24  2:14  Orbital Command  
  23  2:30  Terran Infantry Weapons Level 1  
  24  2:38  Barracks Tech Lab  
  23  2:53  Factory Tech Lab  
  23  3:07  Starport  
  23  3:44  SCV  
  24  3:50  Marine  
  24  3:52  Combat Shield  
  25  3:56  SCV  
  25  4:02  Starport Tech Lab  
  26  4:05  Command Center  
  26  4:07  Marine  
  27  4:12  Armory  
  27  4:24  Terran Infantry Armor Level 1  
  27  4:25  Marine  
  28  4:35  SCV, Fusion Core  
  29  4:43  Marine  
  30  4:47  SCV  
  31  4:59  SCV, Raven  
  34  5:02  Marine  
  35  5:11  SCV, Stimpack  
  36  5:18  Refinery  
  36  5:20  Marine  
  37  5:23  SCV  
  38  5:29  Planetary Fortress  
  38  5:35  SCV  
  38  5:38  Marine  
  40  5:47  SCV  
  41  5:56  Marine  
  42  6:00  SCV, Command Center  
  43  6:12  SCV  
  43  6:14  Marine  
  45  6:38  Battlecruiser  
  51  6:48  Supply Depot  
  51  6:49  Supply Depot  
  51  6:51  Supply Depot  
  51  6:53  Supply Depot  
  51  6:54  Supply Depot, Marine  
  52  7:12  Marine  
  51  7:23  Orbital Command  
  51  7:30  Marine  
  51  7:35  SCV, Refinery  
  53  7:42  Battlecruiser  
  53  7:43  Refinery  
  59  7:45  Refinery  
  59  7:47  SCV  
  59  7:48  Marine  
  61  7:55  Weapon Refit  
  61  7:59  SCV  
  62  8:06  Marine  
  62  8:11  SCV  
  64  8:23  Marine  
  65  8:29  Terran Infantry Weapons Level 2  
  65  8:36  Terran Vehicle And Ship Armor Level 1  
  65  8:41  Marine  
  65  8:47  Battlecruiser  
  72  8:59  Marine  
  73  9:17  Marine  
  68  9:51  Battlecruiser  
  68  9:52  Marine  
  69  10:10  Marine  
  70  10:28  Marine  
  65  10:46  Marine  
  65  11:03  Marine  
Show
View Real Time Build Order
Export as new Build Order

Starpin Terran 

Build Orders:  

Get SALT Encoding   

  12  0:05  SCV  
  13  0:20  SCV  
  14  0:23  Supply Depot  
  14  0:32  SCV  
  14  0:33  Refinery  
  15  0:45  SCV  
  16  1:06  Barracks  
  15  1:14  SCV  
  15  1:16  Barracks  
  16  1:26  SCV, Supply Depot  
  17  1:38  SCV  
  18  1:50  SCV  
  19  1:54  Marine  
  20  2:02  SCV  
  21  2:11  Marine  
  21  2:12  Marine  
  23  2:24  Refinery  
  23  2:29  Marine  
  24  2:30  Marine  
  25  2:38  Factory  
  25  2:47  Marine  
  25  2:48  Marine  
  25  2:49  Orbital Command  
  27  3:05  Marine x2  
  28  3:09  Barracks  
  29  3:22  Marine  
  29  3:23  Reaper  
  29  3:26  Factory Tech Lab  
  31  3:32  Engineering Bay  
  31  4:04  Supply Depot  
  31  4:09  Supply Depot  
  31  4:25  Marine  
  31  4:28  Supply Depot, Marine x2  
  34  4:41  Cyclone  
  34  4:43  Starport, Marine  
  38  4:46  Marine x2  
  40  5:13  Cyclone  
  43  5:19  Command Center  
  43  5:29  Viking  
  45  5:41  Marine  
  45  5:42  Marine x2  
  48  5:59  Viking  
  48  6:01  Starport  
  47  6:48  SCV  
  48  7:00  SCV, Missile Turret  
  49  7:02  Viking  
  51  7:12  SCV  
  49  7:17  Marine x3  
  52  7:24  SCV  
  53  7:35  Viking, Marine  
  53  7:36  SCV  
  57  7:53  Viking  
  59  8:03  Missile Turret  
  59  8:07  Marine  
  59  8:08  Marine x2  
  62  8:14  Cyclone  
  65  8:20  SCV  
  65  8:25  Marine x2  
  65  8:26  Marine  
  69  8:28  Refinery  
  69  8:33  SCV, Refinery  
  70  8:49  Starport  
  70  9:20  SCV  
  70  9:23  Cyclone  
  61  9:32  SCV  
  82  9:38  Viking x3  
  58  9:44  SCV  
  58  9:52  Marine  
  59  9:56  SCV  
  60  10:08  Viking  
  60  10:09  Marine  
  63  10:18  Missile Turret  
  63  10:23  Missile Turret  
  55  10:38  SCV  
  56  10:50  SCV  
  32  11:02  SCV  
  28  11:15  SCV  
Tags
 
League
Bronze
Matchup
TvT
Race
Terran
Spawn Locations
Cross Positions
Add a new tag
Caveats
  • Supply blocks, unpowered buildings, or Contaminate may cause inaccurate times.
  • Supply counts are checked every 10 seconds.